AoeStats
← Malcolm Little

Oasis

508127064Analyzed
3v3 RM · 11d ago on Sep 21, 2026· 18m 26s· 6 players
Game mode
Random Map
Map size
Normal (6 player)
Population
200
Speed
Normal
Resources
Standard
Victory
Conquest
Starting age
Dark Age
Ending age
Imperial Age
RankedLock teamsTeams togetherTeam positionsShared explorationLock speedFull tech treeHidden civsTurbo modeCheats
Victory
Defeat
🇩🇴 Britons · Dominican Republic
1417
+10
🇺🇸 Wu · United States
1354
+13
🇨🇱 Mapuche · Chile
1178
+19
🇲🇽 Bulgarians · Mexico
1302
-15
🇧🇷 Poles · Brazil
1276
-14
🇲🇽 Magyars · Mexico
1255
-13
Guido
10:19 Feudal Age
11:01 Loom
13:23 Loom
17:18 Castle Age
15:10 Gold Mining
15:08 Double-Bit Axe
15:04 Horse Collar
17:14 Scale Barding Armor
17:38 Bloodlines
(JP) JR
9:22 Loom
11:43 Feudal Age
aaaaaaa
2:25 Loom
10:23 Feudal Age
16:59 Castle Age
RafaMath
3:48 Loom
9:18 Feudal Age
17:43 Double-Bit Axe
AiM | _MrSuomi
10:21 Feudal Age
15:02 Castle Age
13:27 Double-Bit Axe
15:17 Scale Barding Armor
14:53 Horse Collar
18:19 Scale Barding Armor
18:30 Forging
Malcolm Little
7:04 Loom
9:20 Feudal Age
9:50 Double-Bit Axe
12:37 Fletching
Connection lost

Rejoining the realm…

Still unreachable

The connection could not be restored.

Session expired

The server has moved on; the page needs a fresh start.